 Dungeon Crawl Stone Soup version 0.30.0-29-ga12c61a403 (webtiles) character file.

Game seed: 18105691140438764252

18000 cheesebisquit the Slicer (level 12, -9/97 HPs)
             Began as a Merfolk Gladiator on June 24, 2023.
             Was a Follower of Uskayaw.
             Killed by divine providence
             ... invoked by a meliai
              (16 damage)
             ... on level 13 of the Dungeon.
             The game lasted 01:05:58 (14303 turns).

cheesebisquit the Slicer (Merfolk Gladiator)       Turns: 14303, Time: 01:05:59

Health: -9/97      AC: 13    Str: 14    XL:     12   Next: 53%
Magic:  15/15      EV: 25    Int:  8    God:    Uskayaw [*.....]
Gold:   331        SH:  0    Dex: 31    Spells: 8/11 levels left

rFire   + + .        C - +6 rapier (venom)
rCold   x . .        (no shield)
rNeg    . . .        Q - +1 leather armour of Irghur {Dex+4}
rPois   .            U - +2 helmet
rElec   .            G - +2 cloak "Cuxkasa" {Dex+2 SInv}
rCorr   .            W - +2 pair of gloves
SInv    +            (no boots)
Will    .....        T - amulet of magic regeneration
Stlth   +++++        r - ring of protection from fire
HPRegen 0.36/turn    a - ring "Qiecym" {Fire Dex+5 SInv}
MPRegen 0.54/turn

%: no passive effects
@: lethally poisoned (-9 -> -15), hasted, studying Hexes, very quick
A: (nimble swimmer 2), mertail
a: Renounce Religion, Stomp


You were on level 13 of the Dungeon.
You worshipped Uskayaw.
Uskayaw was noncommittal.
You visited 2 branches of the dungeon, and saw 14 of its levels.
You also visited: Sewer and Bailey.

You collected 844 gold pieces.
You spent 513 gold pieces at shops.

Inventory:

Hand Weapons
 u - the +1 spear "Vinwynn" {spect, Dex+3}
   (You found it on level 2 of the Dungeon)

   Dex:       It affects your dexterity (+3).
 C - a +6 rapier of venom (weapon)
 D - a +1 dagger of venom
 N - a +0 short sword of venom
Missiles
 e - a javelin
 t - 22 poisoned darts (quivered)
 v - 24 boomerangs
 L - 6 boomerangs of dispersal
 S - 4 silver javelins
 Y - 4 atropa-tipped darts
 Z - 2 throwing nets
Armour
 b - +0 gold dragon scales
 G - the +2 cloak "Cuxkasa" (worn) {Dex+2 SInv}
   (You found it on level 3 of the Dungeon)

   Dex:       It affects your dexterity (+2).
   SInv:      It lets you see invisible.
 Q - the +1 leather armour of Irghur (worn) {Dex+4}
   (You found it on level 7 of the Dungeon)

   Dex:       It affects your dexterity (+4).
 R - +0 steam dragon scales
 U - a +2 helmet (worn)
 V - a +0 kite shield
 W - a +2 pair of gloves (worn)
 X - a +2 chain mail of willpower
Jewellery
 a - the ring "Qiecym" (right hand) {Fire Dex+5 SInv}
   (You bought it in a shop on level 11 of the Dungeon)

   [ring of fire]

   It enhances your fire magic.
   Dex:       It affects your dexterity (+5).
   rF:        It protects you from fire.
   rC:        It makes you vulnerable to cold.
   SInv:      It lets you see invisible.
 r - a ring of protection from fire (left hand)
 T - an amulet of magic regeneration (around neck)
Wands
 d - a wand of iceblast (2)
 k - a wand of paralysis (2)
 l - a wand of flame (54)
 n - a wand of digging (4)
 y - a wand of mindburst (13)
 I - a wand of light (5)
Scrolls
 f - 3 scrolls of fog
 i - 3 scrolls of teleportation
 o - a scroll of amnesia
 p - a scroll of brand weapon
 s - a scroll of poison {unknown}
 x - a scroll of torment {unknown}
 z - a scroll of vulnerability {unknown}
 B - a scroll of immolation
 H - a scroll of summoning
 M - 2 scrolls of fear
 P - a scroll of blinking
Potions
 c - a potion of cancellation
 g - 3 potions of lignification
 h - a potion of haste
 j - 4 potions of berserk rage
 m - 9 potions of curing
 q - a potion of magic
 w - 3 potions of might
 E - 4 potions of resistance
 F - 2 potions of flight
 J - 6 potions of mutation
 K - a potion of ambrosia


   Skills:
 + Level 9.8 Fighting
 - Level 14.0 Short Blades
 - Level 2.7 Polearms
 - Level 2.0 Throwing
 + Level 3.5 Armour
 + Level 12.1 Dodging
 + Level 10.3 Stealth
 + Level 3.2 Hexes
 + Level 4.9 Invocations


You had 8 spell levels left.
You knew the following spells:

 Your Spells              Type           Power      Damage    Failure   Level
a - Confusing Touch       Hex            5%         N/A       38%         3

Your spell library contained the following spells:

 Spells                   Type           Power      Damage    Failure   Level
 Foxfire                  Conj/Fire      0%         2x1d4     47%         1
 Kiss of Death            Conj/Necr      0%         2d5       47%         1
 Sandblast                Erth           0%         2d4       47%         1
 Passwall                 Tmut/Erth      0%         N/A       63%         2
 Stone Arrow              Conj/Erth      0%         3d7       85%         3
 Dispel Undead            Necr           0%         3d6       99%         4
 Fireball                 Conj/Fire      0%         3d3       100%        5
 Plasma Beam              Fire/Air       0%         2x1d11    100%        6
 Starburst                Conj/Fire      0%         6d3       100%        6


Dungeon Overview and Level Annotations

Branches:
Dungeon (13/15)            Temple (1/1) D:7            Lair (0/5) D:10
    Orc (0/2) D:11          Sewer (visited)          Bailey (visited)
 Vaults: D:13-14

Altars:
Ashenzari
Cheibriados
Dithmenos
Elyvilon
Fedhas
Gozag
Hepliaklqana
Kikubaaqudgha
Makhleb
Nemelex Xobeh
Okawaru
Qazlal
Ru
Sif Muna
Trog
Uskayaw
Vehumet
Wu Jian
Xom
Yredelemnul
Zin
The Shining One

Shops:
D:2 *(   D:11 =

Annotations:
D:10 4 transporters


Innate Abilities, Weirdness & Mutations

((You are very nimble when in or above water. (Stealth+, EV+, Speed+++)))
Your lower body shifts to a powerful aquatic tail in water.


Message History

The meliai mumbles some strange prayers to its god against you.
Something smites you! The meliai misses you. The meliai stings you.
You are poisoned.
The meliai poisons you! The meliai hits you with a +0 hand axe.
The meliai stings you! The meliai completely misses you. x2
The meliai attacks as you move away! The meliai hits you but does no damage.
The meliai misses you. The meliai attacks as you move away!
The meliai misses you. The meliai closely misses you.
You feel very sick. The meliai barely misses you. The meliai misses you.
The meliai mumbles some strange prayers to its god against you.
Something smites you! The meliai attacks as you move away!
The meliai hits you with a +0 hand axe. The meliai completely misses you.
You feel very sick.
The meliai calls down the wrath of its god upon you.
Something smites you!
* * * LOW HITPOINT WARNING * * *
You feel much better.
You feel very sick. The meliai completely misses you.
The meliai stings you but does no damage.
The meliai hits you with a +0 hand axe. The meliai completely misses you.
The meliai hits you with a +0 war axe. The meliai stings you!
The meliai invokes the aid of its god against you.
Something smites you!
* * * LOW HITPOINT WARNING * * *
The meliai hits you but does no damage. The meliai closely misses you.
You feel yourself speed up.
You feel sick. The meliai closely misses you.
The meliai stings you but does no damage.
The meliai misses you. The meliai closely misses you.
The meliai hits you with a +0 hand axe!
* * * LOW HITPOINT WARNING * * *
The meliai misses you. The meliai hits you with a +0 war axe.
* * * LOW HITPOINT WARNING * * *
The meliai completely misses you. The meliai misses you.
The meliai stings you but does no damage.
The meliai calls down the wrath of its god upon you.
Something smites you!
You die...

.........#
#......# #.
...c.....#
#......# #.
.....y...#
#......# #.
.........#
#.....)# #.
......§§§#
#......# #.
.....§§§§#
#......# #.
......§c§#
#......# #.
......§yy#
#......# #.
......§y@#
#......######.
......##§#
#.............
...... #.#
#....).#####..
...... #.#
#......# #..
####. #.#
#......# #..
#. #.#
#......# #..
#.###......#
#..
#..........#
#..
#..........#
#..


You could see a centaur warrior and 3 meliai.

Vanquished Creatures
  Frances (D:12)
  An orc warlord (Bailey)
  A centaur warrior (D:13)
  2 two-headed ogres (D:12)
  A boulder beetle (D:12)
  An orc knight (Bailey)
  2 cyclopes
  Maurice (D:8)
  2 manticores
  Maggie (D:8)
  A kobold demonologist (D:13)
  An efreet (D:13)
  A komodo dragon (D:12)
  2 unseen horrors (D:12)
  A troll (D:11)
  2 hornets (D:10)
  3 slime creatures (D:13)
  A shadow (D:11)
  14 yaks
  2 wraiths (D:10)
  Grum (D:8)
  2 steam dragons
  2 vampire mosquitoes (D:12)
  3 acid dragons
  2 water moccasins
  A black bear (D:6)
  10 orc warriors
  2 sky beasts (D:8)
  3 wolves (D:8)
  10 centaurs
  2 kobold brigands
  A scorpion (D:6)
  8 bullfrogs
  3 gnoll sergeants
  3 wights (D:7)
  9 electric eels (D:11)
  7 howler monkeys
  A hound (D:7)
  2 jellies
  5 orc priests
  A gnoll bouda (D:7)
  2 sleepcaps
  6 iguanas
  13 orc wizards
  18 gnolls
  2 river rats (Sewer)
  18 adders
  A worm (D:4)
  3 dart slugs
  46 orcs
  4 endoplasms
  7 giant cockroaches
  11 goblins
  4 hobgoblins
  20 kobolds
  10 quokkas
  19 ball pythons
  5 bats
  5 frilled lizards
  32 rats
345 creatures vanquished.

Vanquished Creatures (others)
  A human (D:5)
1 creature vanquished.

Grand Total: 346 creatures vanquished

Notes
Turn   | Place    | Note
-------+----------+-------------------------------------------
     0 | D:1      | cheesebisquit the Merfolk Gladiator began the quest for the
                  | Orb.
     0 | D:1      | Reached XP level 1. HP: 16/16 MP: 1/1
   143 | D:1      | Reached skill level 4 in Short Blades
   154 | D:1      | Reached XP level 2. HP: 12/22 MP: 2/2
   664 | D:1      | Reached skill level 5 in Short Blades
   664 | D:1      | Reached XP level 3. HP: 27/27 MP: 3/3
   749 | D:2      | Found Qalom's Weapon Shop.
   902 | D:2      | Found a shimmering altar of Xom.
  1576 | D:2      | Found Titun's Assorted Antiques.
  1667 | D:2      | Reached XP level 4. HP: 33/33 MP: 4/4
  1774 | D:2      | Identified the +1 spear "Vinwynn" {spect, Dex+3}
  1966 | D:3      | Reached skill level 1 in Polearms
  1992 | D:3      | Reached skill level 1 in Stealth
  1992 | D:3      | Reached XP level 5. HP: 36/39 MP: 5/5
  2135 | D:3      | Found a glowing drain.
  2145 | Sewer    | Entered a sewer
  2352 | Sewer    | Reached skill level 6 in Short Blades
  2386 | Sewer    | Reached XP level 6. HP: 34/46 MP: 6/6
  2526 | Sewer    | Reached skill level 5 in Dodging
  2697 | D:3      | Found a shimmering blue altar of Sif Muna.
  2792 | D:3      | Identified the +2 cloak "Cuxkasa" {Dex+2 SInv}
  2944 | D:4      | Noticed a water moccasin
  2961 | D:4      | Killed a water moccasin
  2962 | D:4      | Reached skill level 7 in Short Blades
  2962 | D:4      | Reached XP level 7. HP: 28/53 MP: 7/7
  3275 | D:4      | You fall into a shaft and drop 3 floors!
  3403 | D:5      | Entered Level 5 of the Dungeon
  3410 | D:5      | Found an ancient bone altar of Kikubaaqudgha.
  3864 | D:4      | Found a snail-covered altar of Cheibriados.
  4268 | D:4      | Reached XP level 8. HP: 61/61 MP: 8/8
  4392 | D:4      | Found a snail-covered altar of Cheibriados.
  4760 | D:5      | Reached skill level 8 in Short Blades
  5199 | D:5      | Found a glowing golden altar of the Shining One.
  5541 | D:6      | Found a stormy altar of Qazlal.
  5696 | D:6      | Reached skill level 5 in Fighting
  6226 | D:7      | Reached skill level 9 in Short Blades
  6253 | D:7      | Reached skill level 5 in Stealth
  6558 | D:7      | Reached XP level 9. HP: 66/68 MP: 9/9
  6643 | D:7      | Identified the +1 leather armour of Irghur {Dex+4}
  6830 | D:7      | Found a staircase to the Ecumenical Temple.
  6836 | Temple   | Entered the Ecumenical Temple
  7158 | D:8      | Noticed Grum
  7238 | D:8      | Reached skill level 10 in Short Blades
  7315 | D:8      | Noticed Maurice
  7322 | D:8      | Killed Maurice
  7555 | D:8      | Found a radiant altar of Vehumet.
  7624 | D:8      | Killed Grum
  7686 | D:8      | Reached skill level 11 in Short Blades
  7710 | D:8      | Noticed Maggie
  7836 | D:8      | Killed Maggie
  7837 | D:8      | Reached XP level 10. HP: 77/77 MP: 10/10
  8003 | D:8      | Found an iron altar of Okawaru.
  8457 | D:9      | Found a sacrificial altar of Ru.
  8813 | D:9      | Found a burning altar of Makhleb.
  8952 | D:9      | Found a shadowy altar of Dithmenos.
  9020 | D:10     | Entered Level 10 of the Dungeon
  9082 | D:10     | Found a hide-covered altar of Uskayaw.
  9087 | D:10     | Became a worshipper of Uskayaw the Reveller
  9093 | D:10     | Reached * piety under Uskayaw
  9096 | D:10     | Reached skill level 12 in Short Blades
  9098 | D:10     | Reached ** piety under Uskayaw
  9107 | D:10     | Reached *** piety under Uskayaw
  9133 | D:10     | Found a bloodstained altar of Trog.
  9193 | D:10     | Reached **** piety under Uskayaw
  9296 | D:10     | Found a flagged portal.
  9305 | Bailey   | Entered a bailey
  9310 | Bailey   | Noticed an orc warlord
  9366 | Bailey   | Found a runed translucent gate.
  9369 | Bailey   | Found a runed translucent gate.
  9411 | Bailey   | Found a runed translucent gate.
  9430 | Bailey   | Noticed an orc knight
  9490 | Bailey   | Killed an orc knight
  9491 | Bailey   | Reached skill level 10 in Dodging
  9797 | Bailey   | Killed an orc warlord
  9798 | Bailey   | Reached skill level 13 in Short Blades
  9798 | Bailey   | Reached XP level 11. HP: 43/87 MP: 11/11
  9958 | D:10     | Acquired a manual of Hexes
  9983 | D:10     | Found a staircase to the Lair.
 10011 | D:10     | Found a transporter.
 10014 | D:10     | Found a transporter.
 10028 | D:10     | Found a transporter.
 10369 | D:10     | Found a transporter.
 11103 | D:11     | Found Rafriy's Jewellery Shoppe.
 11125 | D:11     | Bought the ring "Qiecym" {Fire Dex+5 SInv} for 513 gold
                  | pieces
 11158 | D:11     | Reached skill level 1 in Invocations
 11181 | D:11     | Noticed a cyclops
 11214 | D:11     | Killed a cyclops
 11335 | D:11     | Reached skill level 1 in Armour
 11831 | D:11     | Noticed a manticore
 11847 | D:11     | Killed a manticore
 12597 | D:11     | Found a staircase to the Orcish Mines.
 13028 | D:12     | Noticed Frances
 13032 | D:12     | Noticed a two-headed ogre
 13035 | D:12     | Killed Frances
 13036 | D:12     | Reached skill level 14 in Short Blades
 13057 | D:12     | Killed a two-headed ogre
 13294 | D:12     | Noticed a two-headed ogre
 13307 | D:12     | Reached XP level 12. HP: 94/95 MP: 14/14
 13314 | D:12     | Killed a two-headed ogre
 13477 | D:12     | Noticed a boulder beetle
 13479 | D:12     | Killed a boulder beetle
 13480 | D:12     | Reached skill level 10 in Stealth
 13484 | D:12     | Learned a level 3 spell: Confusing Touch
 13504 | D:12     | Reached skill level 1 in Hexes
 13507 | D:12     | Reached ***** piety under Uskayaw
 13877 | D:13     | Noticed a centaur warrior
 13888 | D:13     | Killed a centaur warrior
 14298 | D:13     | Noticed a centaur warrior
 14303 | D:13     | Killed from afar by a meliai

Illustrated notes

Levels and vault maps discovered:
D:1:      minmay_arrival_stair_chambers, layout_rooms, wad_floor_pattern_1
D:2:      layout_basic, serial_shops, shop, nicolae_shop_bloodbath_and_beyond,
          basic_altar, serial_bayou_pond_b, supply_closet_lemuel,
          kennysheep_doodads
D:3:      layout_basic, mainiacjoe_overflow_24_doors, gup_sewer_entry_bubbles
D:4:      layout_rooms, kennysheep_slug_shrine
D:5:      layout_cave_pools, nicolae_tso_swordbearing_angel, tgw_kikubaaqudgha
D:6:      layout_basic, nicolae_qazlal_general_emergency
D:7:      layout_loops_corners, minmay_temple_entry_enclosed_plants
D:8:      layout_cave_pods, mainiacjoe_overflow_six_doors_small,
          okawaru_ov_weapons_minmay, serial_column_ruins, column_ruins_hut,
          column_ruins_corridor_dead_end, column_ruins_open_small,
          column_ruins_open_small_water, column_ruins_columns_T,
          column_ruins_open_medium, column_ruins_corridor_straight, uniq_maggie,
          uniq_maurice, uniq_grum
D:9:      layout_roguey, mainiacjoe_overflow_concentric_impassable,
          mainiacjoe_overflow_paths, marbit_many_paths
D:10:     layout_long_grid, kennysheep_little_box, mainiacjoe_overflow_catwalk,
          lair_entry_dummy, enter_bailey_3, nicolae_transporter_circle
D:11:     layout_basic, david_orc_4, serial_shops,
          nicolae_shop_getting_attention
D:12:     layout_roguey, chequers_hall_statues_wall_a, uniq_frances
D:13:     layout_long_grid
Temple:   hellmonk_temple_rainy

Skill      XL: |  1  2  3  4  5  6  7  8  9 10 11 12 |
---------------+-------------------------------------+-----
Short Blades   | 4 5 6 7 9 11 13 14 | 14.0
Polearms       | 1 2 |  2.7
Stealth        | 1 2 3 5 7 8 9 10 | 10.3
Fighting       | 3 4 5 6 8 9 |  9.8
Dodging        | 5 6 7 8 10 11 12 | 12.1
Invocations    | 3 4 |  4.9
Armour         | 2 3 |  3.5
Hexes          | 3 |  3.2
Throwing       | |  2.0

Action                     |  1- 3 |  4- 6 |  7- 9 | 10-12 || total
---------------------------+-------+-------+-------+-------++-------
  Melee: Rapier            |   158 |    73 |   238 |   462 ||   931
         Punch             |     1 |     1 |     6 |     6 ||    14
         Spear             |       |    72 |       |       ||    72
         Tailslap          |       |    11 |       |     3 ||    14
  Throw: Throwing net      |       |     1 |     6 |     2 ||     9
         Dart              |       |       |     1 |    53 ||    54
         Javelin           |       |       |       |     1 ||     1
 Invoke: Line Pass         |       |       |       |     9 ||     9
         Stomp             |       |       |       |     6 ||     6
    Use: Scroll            |       |       |    20 |    21 ||    41
         Potion            |       |       |     2 |     8 ||    10
   Stab: Sleeping          |     2 |     2 |    12 |    23 ||    39
         Distracted        |       |     2 |     1 |     1 ||     4
         Held in net/web   |       |       |     4 |       ||     4
         Paralysed         |       |       |       |    15 ||    15
         Confused          |       |       |       |     5 ||     5
 Armour: Leather armour    |    50 |    31 |    35 |    57 ||   173
  Dodge: Dodged            |   118 |   152 |   138 |   356 ||   764
